 Dungeon Crawl Stone Soup version 0.28-a0-683-ga8797d1ae1 (webtiles) character file.

Game seed: 17543401438376776479

23976 Zenkrye the Cruncher (level 13, 0/103 HPs)
             Began as a Formicid Fighter on Oct 18, 2021.
             Was a High Priest of Okawaru.
             Slain by a skeletal warrior (16 damage)
             ... in a volcano.
             The game lasted 00:37:18 (16518 turns).

Zenkrye the Cruncher (Formicid Fighter)            Turns: 16518, Time: 00:37:19

Health: 0/103      AC: 22    Str: 23    XL:     13   Next: 39%
Magic:  25/27      EV: 13    Int:  8    God:    Okawaru [*****.]
Gold:   835        SH: 19    Dex: 19    Spells: 8/12 levels left

rFire   + . .      SeeInvis +   L - +7 quarterstaff of Imminent Death {flame, Fly rC+ rN+ MP+9}
rCold   . . .      Faith    .   C - +0 kite shield
rNeg    + . .      Spirit   .   c - +0 plate armour
rPois   .          Reflect  +   (helmet unavailable)
rElec   .          Harm     .   s - +2 cloak
rCorr   .          Rampage  .   (no gloves)
Will    +....                   h - +0 pair of boots
Stlth   ..........              F - amulet of reflection
HPRegen 0.27/turn               B - +6 ring of dexterity
MPRegen 0.20/turn               f - ring of fire

@: heroic, flying
A: permanent stasis, dig shafts and tunnels, antennae 3, four strong arms
a: Dig, Renounce Religion, Heroism, Finesse, Duel


You were in a volcano.
You worshipped Okawaru.
Okawaru was extremely pleased with you.
You visited 3 branches of the dungeon, and saw 14 of its levels.
You also visited: Volcano.

You collected 835 gold pieces.

Inventory:

Hand Weapons
 L - the +7 quarterstaff of Imminent Death (weapon) {flame, Fly rC+ rN+ MP+9}
   (Okawaru gifted it to you on level 11 of the Dungeon)

   It burns those it strikes, dealing additional fire damage.
   rC:        It protects you from cold.
   rN:        It protects you from negative energy.
   MP:        It affects your magic capacity (+9).
   Fly:       It grants you flight.
Missiles
 a - 9 atropa-tipped darts
 j - 26 bolts
 q - 4 throwing nets {!f}
 v - 72 poisoned darts (quivered)
Armour
 c - a +0 plate armour (worn)
 h - a +0 pair of boots (worn)
 s - a +2 cloak (worn)
 C - a +0 kite shield (worn)
Jewellery
 f - a ring of fire (right hand)
 B - a +6 ring of dexterity (left hand)
 D - a ring of flight
 F - an amulet of reflection (around neck)
 J - a +6 ring of dexterity
Wands
 e - a wand of mindburst (1)
 l - a wand of polymorph (15)
 u - a wand of iceblast (32) {@v4}
 x - a wand of flame (15)
 y - a wand of acid (3) {@v2}
Scrolls
 d - 4 scrolls of fog
 o - 3 scrolls of amnesia
 w - 2 scrolls of magic mapping
 G - a scroll of fear
 H - a scroll of enchant weapon
 I - a scroll of enchant armour
Potions
 b - 2 potions of cancellation
 k - a potion of resistance {@q6}
 m - a potion of heal wounds {@q2}
 n - 2 potions of mutation
 p - 3 potions of magic {unknown}
 r - a potion of flight {unknown}
 t - 4 potions of curing {unknown}
 z - 4 potions of might {@q4}
 A - 3 potions of attraction {unknown}
 E - 3 potions of lignification {unknown}
 K - a potion of brilliance {unknown}
 M - a potion of haste {unknown}


   Skills:
 + Level 10.1(15.1) Fighting
 - Level 14.0(19.0) Staves
 + Level 10.1(15.1) Armour
 - Level 5.0(10.0) Dodging
 + Level 9.8(14.8) Shields
 + Level 7.2 Invocations
 - Level 3.0 Evocations


You had 8 spell levels left.
You knew the following spells:

 Your Spells              Type           Power      Damage    Failure   Level
g - Passage of Golubria   Tloc           0%         N/A       100%        4

Your spell library contained the following spells:

 Spells                   Type           Power      Damage    Failure   Level
 Foxfire                  Conj/Fire      0%         2x1d4     98%         1
 Pain                     Necr           0%         1d4       98%         1
 Slow                     Hex            0%         N/A       99%         2
 Confusing Touch          Hex            0%         N/A       100%        3
 Conjure Flame            Conj/Fire      0%         6-21      100%        3
 Ignite Poison            Fire/Tmut/Pois 0%         N/A       100%        3
 Inner Flame              Hex/Fire       0%         N/A       100%        3
 Mephitic Cloud           Conj/Pois/Air  0%         N/A       100%        3
 Vampiric Draining        Necr           0%         2d6       100%        3
 Flame Wave               Conj/Fire      0%         3d3       100%        4
 Agony                    Necr           0%         N/A       100%        5
 Borgnjor's Vile Clutch   Necr/Erth      0%         N/A       100%        5
 Excruciating Wounds      Necr           0%         N/A       100%        5
 Freezing Cloud           Conj/Ice/Air   0%         6-21      100%        5
 Silence                  Hex/Air        0%         N/A       100%        5
 Lehudib's Crystal Spear  Conj/Erth      0%         10d2      100%        8
 Animate Dead             Necr           Unusable   N/A       N/A         4
 Death Channel            Necr           Unusable   N/A       N/A         6

Dungeon Overview and Level Annotations

Branches:
Dungeon (12/15)            Temple (1/1) D:6            Lair (1/6) D:9
    Orc (0/2) D:12        Volcano (1/1)

Altars:
Ashenzari
Cheibriados
Dithmenos
Elyvilon
Fedhas
Hepliaklqana
Kikubaaqudgha
Okawaru
Qazlal
Ru
Sif Muna
Uskayaw
Vehumet
Xom
Zin

Annotations:
D:4 Pikel
D:6 Maggie
D:8 exclusion: ice statue
D:10 2 transporters
D:12 1 runed translucent door, SirDiesAlot's ghost, journeyman MiHu
Lair:1 exclusion: oklob plant


Innate Abilities, Weirdness & Mutations

You cannot be hasted, slowed, berserked, paralysed or teleported.
You can dig through walls and to a lower floor.
You have a pair of large antennae on your head. (SInv)
Your four strong arms can wield two-handed weapons with a shield.


Message History

You block the skeletal warrior's attack.
Your plate armour prevents you from hitting the skeletal warrior.
The skeletal warrior is heavily damaged.
In the distance, the volcano erupts with a roar.
You hit the skeletal warrior but do no damage.
The skeletal warrior is heavily damaged.
You block the skeletal warrior's attack.
You barely miss the skeletal warrior.
The skeletal warrior is heavily damaged.
You hit the skeletal warrior. You burn the skeletal warrior.
The skeletal warrior is heavily damaged.
The skeletal warrior hits you with a +2 great sword of flaming!
You closely miss the skeletal warrior.
The skeletal warrior is heavily damaged.
You block the skeletal warrior's attack.
You hit the skeletal warrior but do no damage.
The skeletal warrior is heavily damaged.
You barely miss the skeletal warrior.
The skeletal warrior is heavily damaged.
You block the skeletal warrior's attack.
You gain the combat prowess of a mighty hero.
The skeletal warrior hits you with a +2 great sword of flaming!!
The skeletal warrior burns you.
You hit the skeletal warrior but do no damage.
The skeletal warrior is heavily damaged.
You hit the skeletal warrior. You burn the skeletal warrior.
The skeletal warrior is heavily damaged.
You block the skeletal warrior's attack.
You hit the skeletal warrior but do no damage.
The skeletal warrior is heavily damaged.
The skeletal warrior hits you with a +2 great sword of flaming!!
* * * LOW HITPOINT WARNING * * *
The skeletal warrior burns you.
* * * LOW HITPOINT WARNING * * *
You closely miss the skeletal warrior.
The skeletal warrior is heavily damaged.
You hit the skeletal warrior. You burn the skeletal warrior.
The skeletal warrior is severely damaged.
The skeletal warrior hits you with a +2 great sword of flaming!
You die...

#####################
#.)'...#...'...##...#
#))#...'...#...##...#
####'#..)#...#...##...#
#.)..###'#######.##.###
###..#.z@^+ {#.##.#
#)####### ##.##.##
#...'...#####......####
#...#................##
#...#...#####.#..#.###.
##'###### #.....)'...
#...#...#####.#..#)###.
#...#................##
#...#...#####......####


You could see a skeletal warrior.

Vanquished Creatures
  A boulder beetle (D:11)
  Erica (D:9)
  4 two-headed ogres
  A skeletal warrior (Volcano)
  3 anaconda skeletons (Volcano)
  2 deep elf pyromancers
  An oklob plant (Lair:1)
  2 manticores
  2 centaur zombies (D:10)
  5 gargoyles
  A cane toad (Lair:1)
  2 komodo dragons (Lair:1)
  4 trolls
  3 meliai (D:12)
  5 blink frogs (Lair:1)
  3 flying skulls (Volcano)
  2 wraiths (D:11)
  3 shadows
  3 alligator skeletons (Volcano)
  21 yaks
  A vampire (D:12)
  A wyvern (Lair:1)
  3 basilisks (Lair:1)
  2 steam dragons (D:8)
  2 wargs (D:9)
  An acid dragon (D:11)
  3 water moccasins (Lair:1)
  6 orc warriors
  A sky beast (D:5)
  2 ice beasts
  A black bear (D:7)
  3 wolves (Lair:1)
  3 ogres
  4 centaurs
  A phantom (D:4)
  3 kobold brigands
  3 gnoll sergeants
  5 bullfrogs
  3 scorpions
  A water moccasin skeleton (D:5)
  12 wights
  A troll skeleton (Volcano)
  3 howler monkeys (D:12)
  3 spriggan skeletons (Volcano)
  2 bullfrog zombies
  2 jellies (D:7)
  3 centaur skeletons (D:7)
  5 orc priests
  2 iguanas
  3 orc wizards
  A killer bee zombie (D:5)
  A naga skeleton (Volcano)
  2 hound skeletons (D:4)
  A howler monkey zombie (D:9)
  22 gnolls
  6 adders
  3 white imps
  2 ufetubi
  An adder skeleton (D:4)
  4 worms
  2 dart slugs
  28 orcs
  7 bats
  2 endoplasms
  5 giant cockroaches
  8 goblins
  8 hobgoblins
  2 jackals (D:2)
  16 kobolds
  6 quokkas
  8 ball pythons
  3 frilled lizards
  4 rats
296 creatures vanquished.

Vanquished Creatures (others)
  A manticore (D:12)
  A fungus (Lair:1)
  2 withered plants (D:12)
4 creatures vanquished.

Grand Total: 300 creatures vanquished

Notes
Turn   | Place    | Note
-------+----------+-------------------------------------------
     0 | D:1      | Zenkrye the Formicid Fighter began the quest for the Orb.
     0 | D:1      | Reached XP level 1. HP: 18/18 MP: 1/1
    74 | D:1      | Reached XP level 2. HP: 22/24 MP: 2/2
   326 | D:1      | Found a faded altar of an unknown god.
   463 | D:1      | Reached skill level 3 in Staves
   645 | D:1      | Reached XP level 3. HP: 29/29 MP: 3/3
  1213 | D:2      | Reached skill level 4 in Staves
  1213 | D:2      | Reached XP level 4. HP: 32/35 MP: 4/4
  1896 | D:3      | Found a hazy altar of Hepliaklqana.
  2036 | D:3      | Reached XP level 5. HP: 41/41 MP: 5/5
  2038 | D:3      | Found an ancient bone altar of Kikubaaqudgha.
  2248 | D:3      | Found a blossoming altar of Fedhas.
  2427 | D:4      | Reached skill level 5 in Staves
  2619 | D:4      | Noticed a lemure
  2620 | D:4      | Noticed a lemure
  2621 | D:4      | Noticed Pikel
  2621 | D:4      | Noticed a lemure
  2726 | D:4      | Noticed a phantom
  2783 | D:3      | Reached XP level 6. HP: 8/47 MP: 6/6
  3152 | D:4      | Reached skill level 6 in Staves
  3490 | D:4      | Reached skill level 7 in Staves
  3490 | D:4      | Reached XP level 7. HP: 48/52 MP: 7/7
  3498 | D:5      | Entered Level 5 of the Dungeon
  3879 | D:5      | Reached skill level 8 in Staves
  4079 | D:4      | Reached XP level 8. HP: 53/58 MP: 8/8
  4326 | D:5      | Reached skill level 9 in Staves
  5308 | D:6      | Found a staircase to the Ecumenical Temple.
  5319 | Temple   | Entered the Ecumenical Temple
  5325 | Temple   | Became a worshipper of Warmaster Okawaru
  5587 | D:4      | Reached skill level 10 in Staves
  5933 | D:6      | Noticed Maggie
  6180 | D:7      | Reached XP level 9. HP: 64/64 MP: 9/9
  6313 | D:7      | Reached * piety under Okawaru
  6314 | D:7      | Reached skill level 11 in Staves
  6733 | D:7      | Reached skill level 1 in Invocations
  7335 | D:7      | Identified the +10 dagger "Irebeuhi" {vorpal, rElec rF+
                  | Int-3}
  7419 | D:7      | Found a hide-covered altar of Uskayaw.
  8184 | D:8      | Reached skill level 5 in Shields
  8398 | D:8      | Reached ** piety under Okawaru
  8399 | D:8      | Reached XP level 10. HP: 61/73 MP: 12/12
  8543 | D:8      | Reached skill level 5 in Armour
  8589 | D:8      | Reached skill level 5 in Fighting
  9232 | D:8      | Noticed an ice statue
  9482 | D:9      | Found a staircase to the Lair.
 10108 | D:9      | Reached skill level 5 in Invocations
 10127 | D:9      | Reached skill level 1 in Evocations
 10129 | D:9      | Reached *** piety under Okawaru
 10130 | D:9      | Reached skill level 12 in Staves
 10212 | D:9      | Noticed a manticore
 10250 | D:9      | Noticed a deep elf pyromancer
 10311 | D:9      | Noticed a two-headed ogre
 10345 | D:9      | Killed a manticore
 10465 | D:9      | Reached **** piety under Okawaru
 10497 | D:9      | Killed a deep elf pyromancer
 10498 | D:9      | Reached skill level 1 in Dodging
 10498 | D:9      | Reached XP level 11. HP: 83/83 MP: 14/14
 10501 | D:9      | Killed a two-headed ogre
 10563 | D:9      | Noticed a two-headed ogre
 10568 | D:9      | Killed a two-headed ogre
 10671 | D:9      | Learned a level 4 spell: Passage of Golubria
 10879 | D:9      | Found a stormy altar of Qazlal.
 10888 | D:9      | Found a glowing silver altar of Zin.
 10936 | D:9      | Found a shadowy altar of Dithmenos.
 10962 | D:10     | Entered Level 10 of the Dungeon
 11021 | D:10     | Reached ***** piety under Okawaru
 11876 | D:10     | Found a transporter.
 11898 | D:10     | Found a transporter.
 11899 | D:10     | Noticed a boulder beetle
 12655 | D:11     | Noticed a two-headed ogre
 12659 | D:11     | Killed a two-headed ogre
 12659 | D:11     | Identified the +7 quarterstaff of Imminent Death {flame,
                  | Fly rC+ rN+ MP+9} (Okawaru gifted it to you on level 11 of
                  | the Dungeon)
 12659 | D:11     | Received a gift from Okawaru
 12660 | D:11     | Reached skill level 13 in Staves
 12660 | D:11     | Reached XP level 12. HP: 92/92 MP: 15/15
 12767 | D:11     | Noticed a boulder beetle
 12774 | D:11     | Killed a boulder beetle
 13492 | D:12     | Found a runed translucent door.
 13494 | D:12     | Noticed SirDiesAlot's ghost (journeyman MiHu)
 14120 | D:12     | Found a staircase to the Orcish Mines.
 14421 | D:12     | Noticed a two-headed ogre
 14433 | D:12     | Killed a two-headed ogre
 14790 | D:9      | Noticed Erica
 14826 | D:9      | Killed Erica
 14826 | D:9      | Received a gift from Okawaru
 14837 | Lair:1   | Entered Level 1 of the Lair of Beasts
 14858 | Lair:1   | Reached skill level 5 in Dodging
 15169 | Lair:1   | Received a gift from Okawaru
 15182 | Lair:1   | Reached XP level 13. HP: 93/101 MP: 17/17
 15511 | Lair:1   | Found a dark tunnel.
 15518 | Volcano  | Entered a volcano
 16158 | Volcano  | Reached skill level 10 in Armour
 16172 | Volcano  | Reached skill level 10 in Fighting
 16358 | Volcano  | Reached skill level 14 in Staves
 16518 | Volcano  | Slain by a skeletal warrior

Illustrated notes

Levels and vault maps discovered:
D:1:      moated_graveyard_arrival, layout_basic, serial_forest,
          infiniplex_forest_clump_C, infiniplex_forest_zigzag_1,
          infiniplex_forest_straight_5, infiniplex_forest_straight_2,
          infiniplex_forest_lined_room_, infiniplex_forest_lined_room_3,
          infiniplex_forest_lined_1, chequers_ecumenical_altar_simple,
          hangedman_decor_growths
D:2:      layout_basic, chequers_garden, minmay_tromino_v4_c
D:3:      layout_loops_ring, fedhas_altar_4, kiku_gazebo_garden_becter,
          amcnicky_altar_gilded
D:4:      layout_basic, uniq_pikel
D:5:      layout_gridville
D:6:      layout_rooms, lemuel_mausoleum_altar_yredelemnul,
          minmay_temple_entry_overgrown, serial_glass, glass_columns_a,
          glass_columns_c, uniq_maggie, uniq_prince_ribbit1
D:7:      layout_basic, nicolae_uskayaw_dance_hall, nicolae_benzene_ring,
          minmay_misc_feat_doors
D:8:      lemuel_ice_statue, layout_gridville, wad_dig_loot
D:9:      layout_cave_pools, grunt_dithmenos_shadows, mainiacjoe_overflow_swirl,
          erik_lair_orcish_takeover, uniq_erica
D:10:     gammafunk_boulding_lane, layout_stronghold, feat_on_display
D:11:     layout_grid_maze
D:12:     layout_small_grid, david_orc_4, gammafunk_ghost_grave,
          minmay_misc_feat_pillars
Temple:   eino_narrow_crystal_temple
Lair:1:   dpeg_oklob_gauntlet, layout_misc_corridors, enter_volcano_2
Volcano:  volcano_tomb [vts_chambers]

Skill      XL: |  1  2  3  4  5  6  7  8  9 10 11 12 13 |
---------------+----------------------------------------+-----
Staves         | 3 4 5 7 8 10 11 12 13 14 | 14.0
Invocations    | 3 5 6 7 |  7.2
Shields        | 5 7 9 |  9.8
Fighting       | 4 6 8 9 10 | 10.1
Armour         | 4 6 8 9 10 | 10.1
Evocations     | 2 3 |  3.0
Dodging        | 1 3 5 |  5.0

Action                   |  1- 3 |  4- 6 |  7- 9 | 10-12 | 13-15 || total
-------------------------+-------+-------+-------+-------+-------++-------
Melee: Quarterstaff      |    89 |   177 |   362 |   493 |   165 ||  1286
Throw: Dart              |       |       |    21 |    22 |       ||    43
Invok: Heroism           |       |       |     1 |    11 |     3 ||    15
       Finesse           |       |       |       |     2 |     1 ||     3
 Abil: Dig               |       |       |     2 |     2 |     1 ||     5
Evoke: Wand              |       |       |       |    31 |       ||    31
  Use: Scroll            |     1 |     7 |     3 |     8 |       ||    19
       Potion            |       |       |     2 |       |     1 ||     3
Armor: Scale mail        |    37 |    55 |    12 |       |       ||   104
       Chain mail        |       |       |   141 |     5 |       ||   146
       Plate armour      |       |       |       |   132 |    24 ||   156
Dodge: Dodged            |    33 |    69 |    96 |    86 |    15 ||   299
Block: Buckler           |    17 |    39 |    90 |       |       ||   146
       Kite shield       |       |       |    15 |   228 |    65 ||   308
       Reflection        |       |       |       |     2 |     2 ||     4

Table legend: (Time is in decaauts)
 A = Elapsed time spent in this place.
 B = Non-inter-level travel time spent in this place.
 C = Inter-level travel time spent in this place.
 D = Time resting spent in this place.
 E = Time spent auto-exploring this place.
 F = Levels seen in this place.
 G = Mean time per level.
                   A        B        C        D        E       F      G
               +--------+--------+--------+--------+--------+-----+--------+
         Total |  16234 |  15569 |    665 |   2002 |  10880 |  15 | 1082.3 |
       Dungeon |  14654 |  13994 |    660 |   1861 |   9808 |  12 | 1221.2 |
        Temple |     12 |      7 |      5 |      0 |      0 |   1 |   12.0 |
          Lair |    629 |    629 |      0 |      0 |    486 |   1 |  629.0 |
       Volcano |    937 |    937 |      0 |    141 |    586 |   1 |  937.0 |
               +--------+--------+--------+--------+--------+-----+--------+

Top non-repeatable levels by time:
     D:8: 2005 daAuts
     D:7: 1554 daAuts
     D:5: 1518 daAuts
    D:12: 1518 daAuts
     D:4: 1314 daAuts
    D:10: 1288 daAuts
     D:3: 1276 daAuts
     D:9: 1195 daAuts
     D:1: 1061 daAuts
    D:11: 938 daAuts
 Volcano: 937 daAuts
  Lair:1: 629 daAuts
     D:2: 497 daAuts
     D:6: 483 daAuts
  Temple: 12 daAuts
